 Dungeon Crawl Stone Soup version 0.30-a0-335-ge5acde7520 (webtiles) character file.

Game seed: 13055183511381990050

11 blackman the Sneak (level 2, -3/24 HPs)
             Began as a Human Delver on Oct 31, 2022.
             Shot with an arrow by a centaur (6 damage)
             ... on level 5 of the Dungeon.
             The game lasted 00:01:44 (243 turns).

blackman the Sneak (Human Delver)                    Turns: 243, Time: 00:01:44

Health: -3/24      AC:  3    Str: 12    XL:     2   Next: 35%
Magic:  2/2        EV: 12    Int: 10    God:
Gold:   22         SH:  0    Dex: 14    Spells: 1/1 levels left

rFire   . . .      SeeInvis .    a - +0 falchion
rCold   . . .      Faith    .    (no shield)
rNeg    . . .      Spirit   .    b - +0 leather armour
rPois   .          Reflect  .    (no helmet)
rElec   .          Harm     .    (no cloak)
rCorr   .          Rampage  .    (no gloves)
Will    .....                    (no boots)
Stlth   +++.......               (no amulet)
HPRegen 0.24/turn                (no ring)
MPRegen 0.08/turn                (no ring)

@: no status effects
A: no striking features
a: no special abilities


You were on level 5 of the Dungeon.
You visited 1 branch of the dungeon, and saw 2 of its levels.

You collected 22 gold pieces.

Inventory:

Hand Weapons
 a - a +0 falchion (weapon)
Armour
 b - a +0 leather armour (worn)
Wands
 g - a wand of digging (3)
Scrolls
 d - a scroll of magic mapping


   Skills:
 - Level 3.0 Fighting
 + Level 2.9 Long Blades
 - Level 2.0 Dodging
 - Level 5.0 Stealth


You had one spell level left.
You didn't know any spells.
Your spell library was empty.

Dungeon Overview and Level Annotations

Branches:
Dungeon (6/15)
 Temple: D:4-7

Altars:
Dithmenos
Wu Jian

Annotations:
D:6 Pikel


Message History

The centaur seems to regain its courage.
The centaur wields a +0 shortbow.
The centaur shoots an arrow.
The arrow barely misses you.
The centaur shoots an arrow.
The arrow barely misses you.
The centaur shoots an arrow.
The arrow misses you.
You feel yourself speed up.
The centaur shoots an arrow.
You hear some strange, mumbled words.
You are confused.
You bump into the rock wall.
You're too confused to move!
You hear the rusting of a very distant drain.
The centaur shoots an arrow.
Reactivating autopickup.
You hear an angry hiss.
You bump into the rock wall.
You feel less confused.
The centaur shoots an arrow.
The arrow hits you.
The centaur shoots an arrow.
The arrow hits you.
There is a stone staircase leading down here.
You climb downwards.
You hear the hiss of flowing sand.
There is an entrance to an ossuary on this level.
Hurry and find it before the portal is buried!
The lemure shouts!
Found 3 gold pieces.
There is a stone staircase leading up here.
Your extra speed is starting to run out.
You climb upwards.
You hear the sound of rushing water.
There is an entrance to a sewer on this level.
Hurry and find it before the portal rusts away!
There is a stone staircase leading down here.
The centaur shoots an arrow.
The arrow hits you!
Ouch! That really hurt!
* * * LOW HITPOINT WARNING * * *
The centaur shoots an arrow.
The arrow hits you.
* * * LOW HITPOINT WARNING * * *
You feel yourself slow down.
As you read the scroll of fog, it crumbles to dust.
The scroll dissolves into smoke.
The centaur shoots an arrow.
The arrow hits you.
You die...

##################
#.....8#.._#_..#8#
#.....§##..#..##.#
#....§§§'#.#.#'..#
#...@§§§§#####..##
##+###..†§§§§§.8#8...#
#....#...§§c§§#......#
#....#....§§§§##.#.###
#..........§§§##...#
####......####§§.#.##
#.##.#.# #§#.#..#
#......####.#.#..#
####.....##.#....#


You could see a centaur.

Vanquished Creatures
  An adder (D:5)
  An orc (D:5)
2 creatures vanquished.

Vanquished Creatures (others)
  An orc wizard (D:5)
1 creature vanquished.

Grand Total: 3 creatures vanquished

Notes
Turn   | Place    | Note
-------+----------+-------------------------------------------
     0 | D:5      | blackman the Human Delver began the quest for the Orb.
     0 | D:5      | Reached XP level 1. HP: 18/18 MP: 1/1
    37 | D:5      | Reached XP level 2. HP: 10/24 MP: 2/2
   105 | D:5      | Found an ornate altar of the Wu Jian Council.
   120 | D:5      | Found a shadowy altar of Dithmenos.
   161 | D:5      | Noticed a scorpion
   184 | D:5      | Noticed a centaur
   229 | D:6      | Noticed Pikel
   229 | D:6      | Noticed a lemure
   229 | D:6      | Noticed a lemure
   229 | D:6      | Noticed a lemure
   229 | D:6      | Noticed a scorpion
   237 | D:5      | HP: 1/24 [centaur/arrow (5)]
   243 | D:5      | Shot with an arrow by a centaur

Illustrated notes

Levels and vault maps discovered:
D:5:      layout_basic, nicolae_overflow_quartered_altars,
          gup_sewer_entry_glass, minmay_circle_x, uniq_blork_the_orc
D:6:      layout_rooms, grunt_temple_overflow_open, enter_ossuary_5, uniq_pikel

Action                   || total
-------------------------++-------
Melee: Falchion          ||    13
  Use: Scroll            ||     2
       Potion            ||     1
 Stab: Sleeping          ||     1
Armor: Leather armour    ||     5
Dodge: Dodged            ||    11

Table legend: (Time is in decaauts)
 A = Elapsed time spent in this place.
 B = Non-inter-level travel time spent in this place.
 C = Inter-level travel time spent in this place.
 D = Time resting spent in this place.
 E = Time spent auto-exploring this place.
 F = Levels seen in this place.
 G = Mean time per level.
                   A        B        C        D        E       F      G
               +--------+--------+--------+--------+--------+-----+--------+
         Total |    231 |    226 |      5 |     63 |     75 |   2 |  115.5 |
       Dungeon |    231 |    226 |      5 |     63 |     75 |   2 |  115.5 |
               +--------+--------+--------+--------+--------+-----+--------+

Top non-repeatable levels by time:
     D:5: 230 daAuts
     D:6: 1 daAuts
